 Dungeon Crawl Stone Soup version 0.30.0-5-g1a98f26d00 (webtiles) character file.

Game seed: 18242897264952983146

338 jimonade the Shooter (level 6, -8/47 HPs)
             Began as a Formicid Hunter on May 12, 2023.
             Mangled by an ice beast (14 damage)
             ... on level 5 of the Dungeon.
             The game lasted 00:09:29 (2880 turns).

jimonade the Shooter (Formicid Hunter)              Turns: 2880, Time: 00:09:29

Health: -8/47      AC:  4    Str: 15    XL:     6   Next: 86%
Magic:  6/6        EV: 10    Int:  9    God:
Gold:   241        SH:  9    Dex: 19    Spells: 5/5 levels left

rFire   . . .        a - +0 shortbow
rCold   . . .        j - +0 kite shield
rNeg    . . .        c - +0 leather armour
rPois   .            (helmet unavailable)
rElec   .            (no cloak)
rCorr   .            (no gloves)
SInv    +            z - +0 pair of boots
Will    .....        (no amulet)
Stlth   ++           (no ring)
HPRegen 0.27/turn    (no ring)
MPRegen 0.10/turn

%: no passive effects
@: no status effects
A: permanent stasis, dig shafts and tunnels, antennae 3, four strong arms
a: Dig, Shaft Self


You were on level 5 of the Dungeon.
You visited 2 branches of the dungeon, and saw 6 of its levels.

You collected 241 gold pieces.

Inventory:

Hand Weapons
 a - a +0 shortbow (weapon)
Missiles
 k - 5 poisoned darts
Armour
 c - a +0 leather armour (worn)
 j - a +0 kite shield (worn)
 v - a +0 ring mail
 x - a +1 ring mail of fire resistance
 z - a +0 pair of boots (worn)
Wands
 w - a wand of charming (3)
Scrolls
 b - 3 scrolls of immolation
 d - 2 scrolls of fear
 e - a scroll of fog
 f - a scroll of poison
 g - 2 scrolls of vulnerability
 h - 3 scrolls of enchant armour
 i - a scroll of amnesia
 m - 3 scrolls of enchant weapon
 t - a scroll of butterflies {unknown}
 u - a scroll of magic mapping {unknown}
 y - a scroll of teleportation {unknown}
Potions
 l - a potion of degeneration {unknown}
 n - a potion of haste {unknown}
 o - a potion of flight {unknown}
 p - 2 potions of attraction {unknown}
 q - 2 potions of might {unknown}
 r - 3 potions of lignification {unknown}
 s - a potion of invisibility {unknown}
 A - a potion of heal wounds {unknown}


   Skills:
 + Level 3.5 Fighting
 + Level 6.3 Ranged Weapons
 + Level 1.7 Armour
 + Level 1.9 Dodging
 - Level 1.2 Stealth
 * Level 2.9 Shields


You had 5 spell levels left.
You didn't know any spells.
Your spell library contained the following spells:

 Spells                   Type           Power      Damage    Failure   Level
 Scorch                   Fire           0%         2d5       94%         2
 Flame Wave               Conj/Fire      0%         2d4       100%        4
 Summon Cactus Giant      Summ           0%         N/A       100%        6


Dungeon Overview and Level Annotations

Branches:
Dungeon (5/15) Zot: 26839  Temple (1/1) D:4 Zot: 5942

Altars:
Ashenzari
Elyvilon
Fedhas
Gozag
Kikubaaqudgha
Nemelex Xobeh
Vehumet
Wu Jian
Xom
Yredelemnul
Zin
The Shining One
Lugonu

Shops:
D:5 (

Annotations:
D:3 1 runed translucent door, Crazy Yiuf


Innate Abilities, Weirdness & Mutations

You cannot be hasted, slowed, berserked, paralysed or teleported.
You can dig through walls and to a lower floor.
You have a pair of large antennae on your head. (SInv)
Your four strong arms can wield two-handed weapons with a shield.


Message History

You kill the jackal!
No target in view!
Things that are here:
a jackal corpse; a jackal corpse
Found a trident.
You now have 241 gold pieces (gained 12).
m - 3 scrolls of enchant weapon (gained 1)
B - a scroll of identify
Found a broken altar of Ashenzari.
As you read the scroll of identify, it crumbles to dust.
f - a scroll of poison Why would you want to do that?
Unknown command.
Found a shimmering altar of Xom.
An iguana comes into view.
Found a ring mail.
You see here a scroll of vulnerability.
An iguana is nearby!
g - 2 scrolls of vulnerability (gained 1)
You shoot an arrow. The arrow hits the iguana!
The iguana hisses angrily.
The iguana is severely wounded.
A scorpion comes into view.
You shoot an arrow.
The arrow hits the scorpion but does no damage.
No target in view!
No target in view!
You shoot an arrow. The iguana hisses angrily.
The arrow hits the iguana but does no damage.
The iguana is heavily wounded.
You shoot an arrow. The arrow closely misses the scorpion.
You shoot an arrow. The arrow hits the scorpion.
The scorpion is moderately wounded.
You block the scorpion's attack.
The scorpion stings you but does no damage.
You shoot an arrow. The arrow hits the scorpion!
You kill the scorpion!
No target in view!
No target in view!
No target in view!
No target in view!
You shoot an arrow. The arrow barely misses the iguana.
The iguana bites you!
You shoot an arrow. The arrow hits the iguana.
The iguana is almost dead.
You block the iguana's attack. The iguana barely misses you.
You shoot an arrow. The arrow hits the iguana.
You kill the iguana!
No target in view!
No target in view!
You sense a monster nearby.
Key pressed, stopping explore.
No target in view!
You start resting.
HP restored.
An adder and an ice beast come into view.
You shoot an arrow. The arrow hits the ice beast.
The ice beast is lightly wounded.
You shoot an arrow. The arrow closely misses the ice beast.
You shoot an arrow.
The arrow hits the ice beast but does no damage.
The ice beast is lightly wounded.
You shoot an arrow.
The arrow hits the ice beast but does no damage.
The ice beast is lightly wounded.
The ice beast hits you. The ice beast freezes you! The ice beast hits you.
The ice beast freezes you!
* * * LOW HITPOINT WARNING * * *
You are too injured to fight recklessly!
You are too injured to fight recklessly!
You are too injured to fight recklessly!
You are too injured to fight recklessly!
Fire: a) +0 shortbow
Press: ? - help, Q - select action, (/) - cycle Shift-Dir - straight line, f/p - ice beast
Aim: an ice beast (lightly wounded, 65% to hit)
You shoot an arrow. The arrow barely misses the ice beast.
You block the ice beast's attack.
Fire: a) +0 shortbow
Press: ? - help, Q - select action, (/) - cycle Shift-Dir - straight line, f/p - ice beast
Aim: an ice beast (lightly wounded, 65% to hit)
You shoot an arrow. The arrow hits the ice beast.
The ice beast is moderately wounded.
The ice beast hits you.
* * * LOW HITPOINT WARNING * * *
The ice beast freezes you!
* * * LOW HITPOINT WARNING * * *
You block the ice beast's attack.
Fire: a) +0 shortbow
Press: ? - help, Q - select action, (/) - cycle Shift-Dir - straight line, f/p - ice beast
Aim: an ice beast (moderately wounded, 65% to hit)
You shoot an arrow. The arrow hits the ice beast.
The ice beast is moderately wounded.
The ice beast barely misses you.
Are you sure you want to shaft yourself?
The ice beast hits you but does no damage.
You begin to dig a shaft.
You continue digging a shaft.
The ice beast hits you.
* * * LOW HITPOINT WARNING * * *
The ice beast freezes you!
You die...

.......#........#
........#.#.....#
.......##.##...##
......##....#..#####
...########........#
...#.......≈≈≈≈≈≈≈.# ..
#.≈≈≈≈≈≈......≈.#
#.≈.....#####.≈.# #
#@≈.####†...#.≈.#
####.####Y≈.#...≈≈≈.#.≈.#
S....Y..#.≈.#.≈≈._≈.#.≈.#
#.#.≈.#.≈...≈.#.≈.#
##.#.≈.#...#.≈.#
#.#.≈.#_.##.≈.# {
#.#.≈.###. .≈.# #.#.≈...
≈ ≈≈.# ..#.≈≈≈≈≈[ .#


You could see an ice beast.

Vanquished Creatures
  2 scorpions
  An orc priest (D:3)
  An iguana (D:5)
  Ijyb (D:4)
  A gnoll (D:4)
  6 adders
  A worm (D:4)
  2 dart slugs (D:3)
  2 orcs (D:3)
  6 ball pythons
  4 endoplasms
  4 giant cockroaches
  4 goblins
  10 hobgoblins
  3 jackals (D:5)
  3 quokkas
  7 bats
  4 frilled lizards
  11 kobolds
  6 rats
79 creatures vanquished.

Notes
Turn   | Place    | Note
-------+----------+-------------------------------------------
     0 | D:1      | jimonade the Formicid Hunter began the quest for the Orb.
     0 | D:1      | Reached XP level 1. HP: 16/16 MP: 1/1
   132 | D:1      | Reached XP level 2. HP: 21/22 MP: 2/2
   237 | D:1      | Found a faded altar of an unknown god.
   385 | D:1      | Reached XP level 3. HP: 28/28 MP: 3/3
   980 | D:2      | Reached XP level 4. HP: 34/34 MP: 4/4
  1087 | D:2      | Reached skill level 5 in Ranged Weapons
  1176 | D:2      | Found an ancient bone altar of Kikubaaqudgha.
  1529 | D:3      | Reached skill level 1 in Shields
  1566 | D:3      | Reached skill level 1 in Armour
  1679 | D:3      | Reached XP level 5. HP: 40/40 MP: 5/5
  1967 | D:3      | Found a runed translucent door.
  1968 | D:3      | Noticed Crazy Yiuf
  2123 | D:4      | Reached XP level 6. HP: 36/47 MP: 6/6
  2240 | D:4      | Found an ancient bone altar of Kikubaaqudgha.
  2257 | D:4      | Found a blossoming altar of Fedhas.
  2264 | D:4      | Noticed Ijyb
  2279 | D:4      | Killed Ijyb
  2280 | D:4      | Reached skill level 6 in Ranged Weapons
  2616 | D:4      | Found a staircase to the Ecumenical Temple.
  2621 | Temple   | Entered the Ecumenical Temple
  2733 | D:5      | Entered Level 5 of the Dungeon
  2761 | D:5      | Found Sumublax's Antique Weapon Boutique.
  2817 | D:5      | Found a broken altar of Ashenzari.
  2821 | D:5      | Found a shimmering altar of Xom.
  2866 | D:5      | Noticed an ice beast
  2880 | D:5      | Mangled by an ice beast

Illustrated notes

Levels and vault maps discovered:
D:1:      dpeg_arrival_oval, layout_rooms, serial_aquarium,
          aquarium_bridge_straight [aquarium_subvault_bridge,
          aquarium_subvault_wall, aquarium_subvault_bridge,
          aquarium_subvault_window], aquarium_bridge_straight
          [aquarium_subvault_bridge, aquarium_subvault_balcony,
          aquarium_subvault_bridge, aquarium_subvault_window],
          aquarium_window_double, aquarium_window_corridor_2, aquarium_window_1,
          aquarium_view_2e, aquarium_balcony_double_4,
          shapermc_ecumenical_altar_starsandcircs
D:2:      layout_basic, basic_altar, minmay_between
D:3:      layout_rooms, grunt_ministairs_12, uniq_crazy_yiuf_cottage
D:4:      layout_rooms, fedhas_ov_isle_minmay, lemuel_crystal_altar,
          minmay_temple_entry_nine_rooms, uniq_ijyb
D:5:      layout_cave_pools, nicolae_overflow_squiral, serial_shops, shop,
          uniq_sigmund
Temple:   corrupted_temple

Skill      XL: |  1  2  3  4  5  6 |
---------------+-------------------+-----
Ranged Weapons | 5 6 |  6.3
Shields        | 1 2 |  2.9
Armour         | 1 |  1.7
Fighting       | 3 |  3.5
Dodging        | |  1.9
Stealth        | |  1.2

Action                     |  1- 3 |  4- 6 || total
---------------------------+-------+-------++-------
   Fire: Shortbow          |    87 |   147 ||   234
Ability: Dig               |       |     1 ||     1
         Shaft Self        |       |     1 ||     1
    Use: Scroll            |       |     7 ||     7
 Armour: Leather armour    |     6 |     7 ||    13
  Dodge: Dodged            |    15 |    21 ||    36
  Block: Kite shield       |     5 |    20 ||    25
